Map: [ESL] Hecate

Players

GuMiho

  • Race: Terran Terran
  • Spawn Location: 1:00

Creator - Winner!

  • Race: Protoss Protoss
  • Spawn Location: 7:00

Event: ESL SC2 Masters 2023 Winter (Finals)

VOD

Have the link to the VOD?

Description

Time

  • Played on: Dec. 16, 2023, 11:11 a.m.
  • Length: 8:00

All games in this series

Show
View Real Time Build Order
Export as new Build Order

GuMiho Terran 

Build Orders: Cyclone Opening 

Get SALT Encoding   

  12  0:00  SCV  
  13  0:12  SCV  
  14  0:17  Supply Depot  
  14  0:24  SCV  
  15  0:39  Barracks, SCV  
  16  0:43  Refinery  
  16  0:51  SCV  
  16  0:52  Refinery  
  17  1:03  SCV  
  18  1:15  SCV  
  19  1:26  Reaper  
  19  1:27  Orbital Command  
  20  1:33  Supply Depot  
  20  1:40  Factory  
  20  1:52  SCV  
  21  1:59  Barracks Reactor  
  21  2:04  SCV  
  22  2:15  Command Center  
  22  2:17  SCV  
  23  2:24  Cyclone  
  23  2:29  SCV  
  26  2:33  Supply Depot  
  26  2:36  Marine x2  
  28  2:41  SCV  
  29  2:53  SCV  
  29  2:55  Marine x2, Starport  
  32  3:02  Cyclone  
  34  3:06  SCV  
  35  3:13  Marine x2  
  35  3:18  SCV  
  38  3:28  Orbital Command  
  38  3:30  Marine, SCV  
  38  3:31  Marine  
  38  3:33  Medivac  
  43  3:35  Factory Tech Lab  
  43  3:42  SCV  
  43  3:43  Supply Depot  
  44  3:48  Marine x2  
  44  3:54  SCV x2  
  48  3:56  Siege Tank  
  48  4:01  Supply Depot  
  51  4:06  Liberator  
  51  4:08  SCV  
  55  4:10  SCV  
  55  4:13  Marine x2  
  58  4:20  SCV  
  58  4:22  SCV  
  60  4:29  Siege Tank  
  63  4:31  Marine x2  
  63  4:32  SCV  
  63  4:34  SCV  
  67  4:44  SCV  
  66  4:46  Barracks, SCV  
  66  4:47  Barracks  
  66  4:49  Marine x2  
  66  4:52  Starport Tech Lab  
  67  4:56  SCV  
  67  4:58  SCV  
  65  5:03  Engineering Bay  
  65  5:07  Marine x2  
  63  5:08  SCV  
  63  5:10  SCV  
  65  5:15  Raven  
  65  5:20  SCV  
  67  5:23  SCV  
  67  5:24  Marine  
  68  5:30  Marine  
  66  5:51  Missile Turret  
  62  5:58  SCV  
  62  5:59  Marine  
  62  6:01  Missile Turret  
  62  6:07  Marine  
  62  6:10  Missile Turret  
  59  6:24  Marine  
  59  6:25  Marine  
  49  6:41  Marine x2  
  49  6:43  Marine  
  52  6:58  Orbital Command  
  52  6:59  Marine x2  
  52  7:01  Marine  
  51  7:17  Marine x2  
  51  7:18  Marine  
  48  7:34  Marine  
  48  7:35  Marine  
  50  7:39  Marine  
Show
View Real Time Build Order
Export as new Build Order

Creator Protoss - Winner!

Build Orders: 1 Gate Expand, Zealot Archon, Dark Templar Rush 

Get SALT Encoding   

  12  0:00  Probe  
  13  0:12  Probe  
  14  0:17  Pylon  
  14  0:24  Probe (Chrono Boost)  
  15  0:36  Probe (Chrono Boost)  
  15  0:37  Gateway  
  16  0:44  Probe (Chrono Boost)  
  16  0:46  Assimilator  
  17  0:51  Probe  
  18  1:03  Probe  
  19  1:15  Probe  
  20  1:23  Cybernetics Core  
  20  1:32  Nexus  
  20  1:40  Pylon  
  20  1:41  Probe  
  21  1:47  Assimilator  
  21  1:53  Probe  
  22  1:57  Adept (Chrono Boost)  
  22  2:01  Warp Gate  
  24  2:05  Probe  
  25  2:17  Adept (Chrono Boost)  
  25  2:18  Probe  
  28  2:30  Twilight Council, Probe  
  29  2:38  Pylon  
  29  2:42  Probe  
  29  2:43  Stalker  
  32  2:46  Probe  
  33  2:55  Probe  
  34  2:59  Shield Battery  
  34  3:03  Probe  
  35  3:07  Dark Shrine  
  35  3:08  Probe  
  36  3:16  Gateway  
  36  3:23  Probe (Chrono Boost)  
  36  3:26  Probe (Chrono Boost)  
  39  3:34  Robotics Facility  
  39  3:35  Probe (Chrono Boost)  
  39  3:37  Probe (Chrono Boost)  
  41  3:42  Assimilator  
  41  3:43  Probe (Chrono Boost)  
  41  3:44  Probe (Chrono Boost)  
  42  3:49  Probe x2 (Chrono Boost)  
  42  3:52  Assimilator  
  42  3:55  Stalker, Pylon  
  44  4:02  Probe, Pylon  
  47  4:07  Pylon  
  47  4:10  Probe  
  48  4:18  Probe  
  48  4:21  Dark Templar x2  
  53  4:34  Warp Prism  
  53  4:35  Pylon  
  55  4:50  Probe x2  
  55  4:52  Shield Battery  
  57  4:54  Dark Templar, Pylon  
  59  5:02  Probe x2  
  59  5:07  Immortal (Chrono Boost)  
  59  5:10  Cybernetics Core  
  63  5:15  Probe x2  
  65  5:26  Gateway  
  65  5:27  Dark Templar  
  65  5:28  Pylon  
  65  5:30  Pylon  
  63  5:40  Immortal  
  67  5:48  Shield Battery  
  67  5:49  Shield Battery  
  67  5:51  Pylon  
  66  6:00  Dark Templar  
  70  6:05  Gateway x2  
  70  6:06  Dark Templar  
  70  6:09  Shield Battery  
  68  6:11  Pylon  
  64  6:20  Shield Battery  
  64  6:24  Dark Templar  
  66  6:27  Pylon  
  66  6:30  Dark Templar  
  68  6:36  Stalker  
  68  6:37  Archon  
  68  6:39  Pylon  
  70  6:43  Gateway  
  70  6:47  Shield Battery  
  70  6:48  Dark Templar, Shield Battery  
  67  7:05  Dark Templar, Zealot x2, Stalker  
  65  7:13  Archon  
  61  7:21  Stalker  
  48  7:30  Stalker x4  
  53  7:37  Zealot  
  49  7:54  Zealot x3  
Tags
 
Add a new tag
Caveats
  • Supply blocks, unpowered buildings, or Contaminate may cause inaccurate times.
  • Supply counts are checked every 10 seconds.